 Dungeon Sprint DCSS version 0.26-a0-651-gb41185065b (webtiles) character file.

Game seed: 3119228875174088260

133 HoaS the Spear-Bearer (level 5, -7/41 HPs)
             Began as a Formicid Fighter on Oct 11, 2020.
             Was an Initiate of Makhleb.
             Mangled by a killer bee (8 damage)
             ... in the Dungeon (Sprint IX: "|||||||||||||||||||||||||||||").
             The game lasted 00:01:57 (359 turns).

HoaS the Spear-Bearer (Formicid Fighter)             Turns: 359, Time: 00:01:57

Health: -7/41      AC:  8    Str: 27    XL:     5   Next: 39%
Magic:  5/5        EV: 10    Int:  8    God:    Makhleb [......]
Gold:   0          SH: 11    Dex: 10    Spells: 4/4 levels left

rFire    . . .     SeeInvis +   k - +2 halberd (protect)
rCold    . . .     Faith    .   c - +0 kite shield
rNeg     . . .     Spirit   .   m - +2 ring mail
rPois    .         Reflect  .   (helmet unavailable)
rElec    .         Harm     .   (no cloak)
rCorr    .         Rampage  .   (no gloves)
MR       .....                  l - +0 pair of boots
Stlth    ..........             (no amulet)
HPRegen  0.13/turn              n - +3 ring of strength
MPRegen  0.09/turn              o - +3 ring of strength

@: lethally poisoned (-7 -> -17)
A: permanent stasis, dig shafts and tunnels, four strong arms, antennae 3
a: Dig, Renounce Religion


You were in the Dungeon.
You worshipped Makhleb.
Makhleb was noncommittal.
You visited 1 branch

Inventory:

Hand Weapons
 k - a +2 halberd of protection (weapon)
Armour
 c - a +0 kite shield (worn)
 l - a +0 pair of boots (worn)
 m - a +2 ring mail (worn)
Jewellery
 n - a +3 ring of strength (left hand)
 o - a +3 ring of strength (right hand)
Wands
 j - a wand of acid (10)
Scrolls
 h - 3 scrolls of remove curse
 i - 2 scrolls of amnesia
Potions
 d - a potion of invisibility
 e - 5 potions of curing
 f - 3 potions of heal wounds
 g - 4 potions of magic


   Skills:
 - Level 3.2 Fighting
 * Level 8.3 Polearms
 - Level 3.2 Armour
 + Level 7.7 Shields


You had 4 spell levels left.
You didn't know any spells.
Your spell library was empty.

Dungeon Overview and Level Annotations

Branches:
Dungeon (1/1)

Altars:
Cheibriados
Dithmenos
Elyvilon
Fedhas
Gozag
Hepliaklqana
Kikubaaqudgha
Makhleb
Nemelex Xobeh
Okawaru
Qazlal
Ru
Sif Muna
Trog
Uskayaw
Vehumet
Wu Jian
Xom
Yredelemnul
Zin
The Shining One
Beogh
Jiyva
Lugonu


Innate Abilities, Weirdness & Mutations

You cannot be hasted, slowed, berserked, paralysed or teleported.
You can dig through walls and to a lower floor.
Your four strong arms can wield two-handed weapons with a shield.
You have a pair of large antennae on your head. (SInv)


Message History

The killer bee is almost dead.
You feel sick.
The killer bee stings you but does no damage.
The killer bee stings you.
* * * LOW HITPOINT WARNING * * *
You are more poisoned.
The killer bee poisons you!
You closely miss the killer bee.
The killer bee is almost dead.
* * * LOW HITPOINT WARNING * * *
You feel sick. You block the killer bee's attack. x2
You barely miss the killer bee.
The killer bee is almost dead.
* * * LOW HITPOINT WARNING * * *
You feel sick. You block the killer bee's attack. x2
You barely miss the killer bee.
The killer bee is almost dead.
* * * LOW HITPOINT WARNING * * *
You feel sick. You block the killer bee's attack. The killer bee stings you!
You die... ▓▓▓▓▓▓▓▓▓▓▓▓▓▓▓▓▓▓▓▓▓▓▓▓ _______'.?)..[..@ySocWZ. ▓▓▓▓▓▓▓▓▓▓▓▓▓▓▓▓▓▓▓▓▓▓▓▓ {{{{{{{ {{{{{{{{

You could see a wraith, a centaur, a killer bee, an adder, an orc and a leopard gecko skeleton.

Vanquished Creatures
  An ogre (D)
  2 worker ants (D)
  A leopard gecko (D)
  A bat skeleton (D)
  2 bats (D)
  A frilled lizard (D)
  2 rats (D)
10 creatures vanquished.

Notes
Turn   | Place    | Note
-------+----------+-------------------------------------------
     0 | D        | HoaS the Formicid Fighter began the quest for the Orb.
     0 | D        | Reached XP level 1. HP: 18/18 MP: 1/1
    21 | D        | Reached skill level 3 in Polearms
    50 | D        | Noticed a worker ant
    50 | D        | Noticed a worker ant
    50 | D        | Noticed an ogre
    52 | D        | Killed a worker ant
    52 | D        | Reached skill level 5 in Polearms
    52 | D        | Reached skill level 5 in Shields
    52 | D        | Reached XP level 2. HP: 20/24 MP: 2/2
    52 | D        | Reached XP level 3. HP: 24/29 MP: 3/3
    57 | D        | Reached skill level 6 in Polearms
    57 | D        | Reached XP level 4. HP: 28/35 MP: 4/4
    68 | D        | Killed an ogre
    68 | D        | Reached skill level 8 in Polearms
    68 | D        | Reached XP level 5. HP: 13/41 MP: 5/5
    76 | D        | Found a roughly hewn altar of Beogh.
    76 | D        | Found a snail-covered altar of Cheibriados.
    76 | D        | Found a shadowy altar of Dithmenos.
    76 | D        | Found a white marble altar of Elyvilon.
    76 | D        | Found a blossoming altar of Fedhas.
    76 | D        | Found an opulent altar of Gozag.
    77 | D        | Found a hazy altar of Hepliaklqana.
    78 | D        | Found a viscous altar of Jiyva.
    79 | D        | Found an ancient bone altar of Kikubaaqudgha.
    80 | D        | Found a corrupted altar of Lugonu.
    81 | D        | Found a burning altar of Makhleb.
    82 | D        | Found a sparkling altar of Nemelex Xobeh.
    83 | D        | Found an iron altar of Okawaru.
    84 | D        | Found a stormy altar of Qazlal.
    85 | D        | Found a sacrificial altar of Ru.
    86 | D        | Found a shimmering blue altar of Sif Muna.
    87 | D        | Found a bloodstained altar of Trog.
    88 | D        | Found a hide-covered altar of Uskayaw.
    89 | D        | Became a worshipper of Makhleb the Destroyer
   281 | D        | Found a radiant altar of Vehumet.
   282 | D        | Found an ornate altar of the Wu Jian Council.
   283 | D        | Found a shimmering altar of Xom.
   284 | D        | Found a basalt altar of Yredelemnul.
   285 | D        | Found a glowing silver altar of Zin.
   286 | D        | Found a glowing golden altar of the Shining One.
   333 | D        | Noticed a centaur
   333 | D        | Noticed a wraith
   358 | D        | HP: 2/41 [poisoned by a killer bee]
   359 | D        | Mangled by a killer bee

Illustrated notes

Levels and vault maps discovered:
D:        linesprint [early_d, line_temple, items_1, d_10, items_2, lair_1,
          lair_end, items_3, orc_1, orc_end, items_4, d_15, swamp_1, shoals_1,
          snake_1, spider_1, d_20, vaults_1, items_5, swamp_end, shoals_end,
          snake_end, spider_end, vaults_end, d_27, items_6, zot_1, zot_end,
          crypt_end, forest_end, elf_end, slime_end, tomb_end, abyss_end,
          pan_hell_end]

Skill      XL: |  1  2  3  4 |
---------------+-------------+-----
Shields        | 5 6 7 |  7.7
Polearms       | 5 6 8 |  8.3
Fighting       | |  3.2
Armour         | |  3.2

Action                   |  1- 3 |  4- 6 || total
-------------------------+-------+-------++-------
Melee: Trident           |    26 |    11 ||    37
       Halberd           |       |    26 ||    26
  Use: Potion            |       |     1 ||     1
Armor: Scale mail        |    11 |     1 ||    12
       Ring mail         |       |    13 ||    13
Dodge: Dodged            |     7 |    15 ||    22
Block: Kite shield       |    11 |    28 ||    39

Table legend: (Time is in decaauts)
 A = Elapsed time spent in this place.
 B = Non-inter-level travel time spent in this place.
 C = Inter-level travel time spent in this place.
 D = Time resting spent in this place.
 E = Time spent auto-exploring this place.
 F = Levels seen in this place.
 G = Mean time per level.
                   A        B        C        D        E       F      G
               +--------+--------+--------+--------+--------+-----+--------+
         Total |    366 |    366 |      0 |    212 |      0 |   1 |  366.0 |
       Dungeon |    366 |    366 |      0 |    212 |      0 |   1 |  366.0 |
               +--------+--------+--------+--------+--------+-----+--------+

Top non-repeatable levels by time:
       D: 366 daAuts
